 Dungeon Crawl Stone Soup version 0.18-a0-1044-g2bb894f (webtiles) character file.

112 Grimmtusk the Digger (level 4, -20/24 HPs)
             Began as a Gargoyle Earth Elementalist on Jan 11, 2016.
             Blown up by Ijyb (22 damage)
             ... with a wand of disintegration
             ... on level 3 of the Dungeon.
             The game lasted 00:15:49 (2219 turns).

Grimmtusk the Digger (Gargoyle Earth Elementalist)  Turns: 2219, Time: 00:15:49

Health: -20/24     AC: 11    Str: 12    XL:     4   Next: 93%
Magic:  5/9        EV: 12    Int: 16    God:
Gold:   159        SH:  0    Dex: 10    Spells: 2 memorised, 7 levels left

rFire  . . .     SeeInvis .     e - +0 mace
rCold  . . .     Gourm    .     a - +0 robe
rNeg   + . .     Faith    .     (no shield)
rPois  ∞         Spirit   .     D - +0 helmet
rElec  +         Dismiss  .     q - +0 cloak
rCorr  .         Reflect  .     s - +0 pair of gloves
SustAt .         Harm     .     (no boots)
MR     .....                    (no amulet)
Stlth  ++........               (no ring)
                                (no ring)

@: stone skin, not resistant to hostile enchantments, unstealthy
A: negative energy resistance 1, electricity resistance, unbreathing,
petrification resistance, rot immunity, AC +3
a: no special abilities


You were on level 3 of the Dungeon.
You were not hungry.

You visited 1 branch of the dungeon, and saw 3 of its levels.

You collected 159 gold pieces.

Inventory:

Hand Weapons
 e - a +0 mace (weapon)
 z - a +0 blowgun
Missiles
 b - 114 stones (quivered)
 y - 20 sling bullets
Armour
 a - a +0 robe (worn)
 g - a +0 ring mail
 q - a +0 cloak (worn)
 s - a +0 pair of gloves (worn)
 C - a +0 animal skin
 D - a +0 helmet (worn)
Jewellery
 i - an uncursed ring of protection from cold {unknown}
Scrolls
 h - a scroll of fog {unknown}
 m - a scroll of blinking {unknown}
 p - 2 scrolls of identify {unknown}
 v - a scroll of random uselessness {unknown}
 A - a scroll of recharging {unknown}
Potions
 f - a potion of poison {unknown}
 j - 2 potions of cancellation {unknown}
 k - a potion of lignification {unknown}
 l - a potion of curing {unknown}
 n - 3 potions of beneficial mutation {unknown}
 o - a potion of agility {unknown}
 u - a potion of invisibility {unknown}
 x - a potion of heal wounds {unknown}
Books
 c - a book of Geomancy

   Spells                             Type                      Level
   a - Sandblast                      Earth                        1
   b - Stoneskin                      Transmutation/Earth          2
   c - Passwall                       Transmutation/Earth          3
   d - Stone Arrow                    Conjuration/Earth            3
   e - Petrify                        Transmutation/Earth          4
   f - Lee's Rapid Deconstruction     Earth                        5
Comestibles
 d - 3 bread rations
 r - a slice of pizza
 t - 4 fruits
 w - a meat ration
 B - 3 chunks of flesh


   Skills:
 - Level 0.2 Armour
 - Level 1.5 Dodging
 - Level 2.1 Stealth
 * Level 3.8 Spellcasting
 + Level 0.7 Transmutations
 + Level 4.8 Earth Magic


You had 7 spell levels left.
You knew the following spells:

 Your Spells              Type           Power        Failure   Level  Hunger
a - Sandblast             Erth           ###...       2%          1    None
b - Stoneskin             Trmt/Erth      ##......     10%         2    ##.....


Dungeon Overview and Level Annotations

Branches:
Dungeon (3/15)

Altars:

Annotations:
D:3 Ijyb


Innate Abilities, Weirdness & Mutations

You are resistant to torment.
Your stone body is resilient (AC +3).
You are immune to poison.
You resist negative energy.
You are resistant to electric shocks.
You can survive without breathing.
You are immune to petrification.
You are immune to rotting.


Message History

The blast of sand hits Ijyb.
Ijyb zaps a wand.
You are blasted!
Casting: Sandblast
Confirm with . or Enter, or press ? or * to list all spells.
Aiming: Sandblast
Press: ? - help, Shift-Dir - straight line, f/p - Ijyb
Aim: Ijyb, wielding a dagger of holy wrath and carrying a wand of disintegration {zapped: 2} The blast of sand hits Ijyb.
Ijyb is lightly wounded.
Ijyb screams, "I dance on your bones!"
Ijyb zaps a wand.
You are blasted!
Ouch! That really hurt!
* * * LOW HITPOINT WARNING * * *
Unknown command.
Ijyb zaps a wand.
You are blasted!
Ouch! That really hurt!
You die...

###### #....# #.##.#
#############
#.##.###...@.g.....#
#.##......########.#
#.######### #.# #.#
#.# #.# #.# #.###


You could see Ijyb.

Vanquished Creatures
  Jessica (D:2)
  Robin (D:3)
  A gnoll (D:1)
  3 adders
  A giant gecko (D:2)
  3 giant cockroaches (D:1)
  11 goblins
  6 hobgoblins
  4 bats
  2 kobolds
  3 rats
36 creatures vanquished.

Notes
Turn   | Place    | Note
--------------------------------------------------------------
     0 | D:1      | Grimmtusk the Gargoyle Earth Elementalist began the quest for the Orb.
     0 | D:1      | Reached XP level 1. HP: 10/10 MP: 3/3
    94 | D:1      | Reached skill level 4 in Earth Magic
   173 | D:1      | Reached XP level 2. HP: 13/15 MP: 3/5
   471 | D:1      | Reached XP level 3. HP: 15/19 MP: 7/7
  1384 | D:2      | Noticed Jessica
  1387 | D:2      | Killed Jessica
  1387 | D:2      | Reached XP level 4. HP: 24/24 MP: 6/9
  1717 | D:3      | Noticed Robin
  1740 | D:3      | Killed Robin
  2211 | D:3      | Noticed Ijyb
  2214 | D:3      | Learned a level 2 spell: Stoneskin
  2219 | D:3      | Blown up by Ijyb

Vault maps used:
D:1:      eino_arrival_water_star
D:2:      first_bread, uniq_jessica
D:3:      uniq_robin, uniq_iyjb

Action                   |  1- 3 |  4- 6 || total
-------------------------+-------+-------++-------
Melee: Mace              |    21 |    13 ||    34
 Cast: Sandblast         |    24 |    25 ||    49
       Stoneskin         |       |     1 ||     1
  Eat: Chunk             |     2 |     2 ||     4
